 Seeded DCSS version 0.28-a0-973-ga7f8b01127 (webtiles) character file.

Game seed: 3225276222679755512 (custom seed)

1099 croobank the Sneak (level 8, -3/54 HPs)
             Began as an Octopode Monk on Dec 2, 2021.
             Was a Follower of Qazlal.
             Succumbed to a water moccasin's poison
             ... on level 6 of the Dungeon.
             The game lasted 00:20:08 (6438 turns).

croobank the Sneak (Octopode Monk)                  Turns: 6438, Time: 00:20:09

Health: -3/54      AC:  1    Str: 13    XL:     8   Next: 32%
Magic:  8/8        EV: 19    Int: 12    God:    Qazlal [*.....]
Gold:   304        SH:  2    Dex: 14    Spells: 7/7 levels left

rFire   x . .      SeeInvis .   a - +0 hand axe
rCold   + + .      Faith    .   (no shield)
rNeg    . . .      Spirit   .   (helmet restricted)
rPois   .          Reflect  .   (no amulet)
rElec   .          Harm     .   p - +4 ring of evasion
rCorr   .          Rampage  .   x - ring of protection from cold
Will    +....                   q - ring of willpower
Stlth   ++++......              y - ring of ice
HPRegen 0.18/turn               (no ring)
MPRegen 0.11/turn               (no ring)
                                (no ring)
                                (no ring)

@: lethally poisoned (-3 -> -26), attractive
A: almost no armour, amphibious, 8 rings, camouflage 1, gelatinous body 1,
(nimble swimmer 1), tentacles
a: Renounce Religion


You were on level 6 of the Dungeon.
You worshipped Qazlal.
Qazlal was aware of your devotion.
You visited 1 branch of the dungeon, and saw 6 of its levels.

You collected 304 gold pieces.

Inventory:

Hand Weapons
 a - a +0 hand axe (weapon)
 z - a +0 long sword
Missiles
 c - 56 sling bullets
 d - 39 bolts
 i - 97 arrows
 k - 151 stones
 o - an atropa-tipped dart (quivered)
 s - 3 boomerangs
Jewellery
 p - a +4 ring of evasion (left tentacle)
 q - a ring of willpower (on tentacle)
 x - a ring of protection from cold (right tentacle)
 y - a ring of ice (on tentacle)
Wands
 B - a wand of iceblast (1)
Scrolls
 b - 2 scrolls of amnesia
 h - 3 scrolls of identify
 l - a scroll of brand weapon {unknown}
 m - a scroll of magic mapping {unknown}
 t - a scroll of fear {unknown}
 v - 3 scrolls of teleportation {unknown}
 w - a scroll of noise {unknown}
Potions
 j - a potion of cancellation {unknown}
 n - a potion of haste {unknown}
 r - a potion of lignification {unknown}
 A - a potion of flight {unknown}


   Skills:
 + Level 4.4 Fighting
 + Level 6.5 Axes
 + Level 3.0 Throwing
 + Level 4.8 Dodging
 + Level 6.5 Stealth
 + Level 0.2 Invocations
 + Level 1.0 Evocations


You had 7 spell levels left.
You didn't know any spells.
Your spell library contained the following spells:

 Spells                   Type           Power      Damage    Failure   Level
 Slow                     Hex            0%         N/A       32%         1
 Corpse Rot               Necr/Air       0%         N/A       45%         2
 Poisonous Vapours        Pois/Air       0%         N/A       45%         2
 Confusing Touch          Hex            0%         N/A       69%         3
 Vampiric Draining        Necr           0%         2d6       69%         3


Dungeon Overview and Level Annotations

Branches:
Dungeon (6/15)             Temple (0/1) D:4

Altars:
Ashenzari
Qazlal
Xom


Innate Abilities, Weirdness & Mutations

You cannot wear most types of armour.
You are amphibious.
You can wear up to eight rings at the same time.
Your skin changes colour to match your surroundings (Stealth+).
Your rubbery body absorbs attacks. (AC +1, EV +1)
((You are camouflaged near water. (Stealth+)))
You have tentacles for arms and can constrict up to eight enemies at once.


Message History

The water moccasin misses you.
You closely miss the water moccasin. Your grab misses the water moccasin.
You squeeze the water moccasin.
The water moccasin is moderately wounded.
You feel sick. The water moccasin bites you.
You are more poisoned.
The water moccasin poisons you! You block the water moccasin's attack.
You hit the water moccasin. Your grab misses the water moccasin.
The water moccasin is heavily wounded.
You feel very sick. The water moccasin bites you.
You hit the water moccasin but do no damage.
Your grab misses the water moccasin.
The water moccasin is heavily wounded.
You feel very sick. The water moccasin bites you.
* * * LOW HITPOINT WARNING * * *
You are more poisoned.
The water moccasin poisons you!
It was a potion of heal wounds.
You feel much better.
You feel very sick. The water moccasin misses you.
The water moccasin closely misses you.
You hit the water moccasin. Your grab misses the water moccasin.
The water moccasin is severely wounded.
You feel very sick. The water moccasin misses you.
You closely miss the water moccasin. Your grab misses the water moccasin.
The water moccasin is severely wounded.
You feel very sick. The water moccasin closely misses you.
The water moccasin bites you!
* * * LOW HITPOINT WARNING * * *
You are more poisoned.
The water moccasin poisons you!
It was a potion of magic.
Magic courses through your body.
* * * LOW HITPOINT WARNING * * *
You feel extremely sick. The water moccasin closely misses you.
It was a potion of attraction.
You feel attractive to monsters.
You die...

##.....≈.....≈.# #.....
........# #...≈≈
.≈≈≈...#
#...≈#####≈≈...#
#...≈#≈≈≈≈≈≈≈..#
#(.≈≈≈≈.⌠≈#....##
#(.()≈≈_>≈≈.....#######
#....#≈≈≈≈+.......<...#
.#...(###≈≈#...§@..###.#
........≈≈≈≈≈..S##..#
.##.....≈≈≈.)...##..#
#....$...........##
#..###.##..##..### ##.
#.....#...###.( ..
####..........# #..
#.....#...## ##
#.....###.#


You could see a water moccasin.

Vanquished Creatures
  Grinder (D:6)
  Edmund (D:6)
  An ogre (D:5)
  A phantom (D:4)
  A bullfrog (D:6)
  A scorpion (D:4)
  A water moccasin zombie (D:5)
  2 jellies
  An orc priest (D:4)
  4 hounds
  Terence (D:3)
  An iguana (D:5)
  3 gnolls (D:5)
  5 adders
  A shadow imp (D:6)
  2 ufetubi (D:5)
  An adder skeleton (D:4)
  A worm (D:4)
  2 dart slugs
  13 orcs
  8 ball pythons
  An endoplasm (D:2)
  6 giant cockroaches
  5 goblins
  8 hobgoblins
  5 jackals
  8 kobolds
  6 quokkas
  5 bats
  8 frilled lizards
  3 rats
107 creatures vanquished.

Notes
Turn   | Place    | Note
-------+----------+-------------------------------------------
     0 | D:1      | croobank the Octopode Monk began the quest for the Orb.
     0 | D:1      | Reached XP level 1. HP: 16/16 MP: 1/1
    62 | D:1      | Reached XP level 2. HP: 10/21 MP: 2/2
   333 | D:1      | You fall into a shaft and drop 1 floor!
   397 | D:2      | Reached XP level 3. HP: 15/26 MP: 3/3
  1383 | D:2      | Reached XP level 4. HP: 24/31 MP: 4/4
  1986 | D:3      | Noticed Terence
  1996 | D:3      | Killed Terence
  2362 | D:3      | Reached XP level 5. HP: 27/36 MP: 5/5
  2634 | D:3      | Found a faded altar of an unknown god.
  2994 | D:3      | Found a shimmering altar of Xom.
  3446 | D:4      | Reached XP level 6. HP: 24/43 MP: 6/6
  3659 | D:4      | Reached skill level 5 in Stealth
  3679 | D:4      | Found a broken altar of Ashenzari.
  3844 | D:4      | Reached skill level 5 in Axes
  4168 | D:4      | Found a staircase to the Ecumenical Temple.
  4429 | D:5      | Entered Level 5 of the Dungeon
  4696 | D:5      | Reached XP level 7. HP: 39/47 MP: 7/7
  5544 | D:5      | Reached skill level 1 in Throwing
  6099 | D:6      | Found a stormy altar of Qazlal.
  6105 | D:6      | Noticed Edmund
  6107 | D:6      | Became a worshipper of Qazlal Stormbringer
  6107 | D:6      | Reached * piety under Qazlal
  6107 | D:6      | Reached ** piety under Qazlal
  6115 | D:6      | Noticed Grinder
  6119 | D:6      | Killed Edmund
  6127 | D:6      | HP: 2/48 [shot self (11)]
  6128 | D:6      | Reached XP level 8. HP: 2/54 MP: 3/8
  6419 | D:6      | Killed Grinder
  6428 | D:6      | Reached skill level 1 in Evocations
  6437 | D:6      | HP: 2/54 [poisoned by a water moccasin]
  6438 | D:6      | Succumbed to a water moccasin's poison

Illustrated notes

Levels and vault maps discovered:
D:1:      scummos_arrival_gate, layout_basic, minmay_tromino_mix6
D:2:      layout_rooms, minmay_increasing_density
D:3:      layout_loops_corners, mainiacjoe_overflow_surrounded_room,
          hellmonk_ecumenical_altar_lost_god, uniq_terence
D:4:      layout_loops_cross, cheibrodos_ashenzari_chains,
          minmay_temple_entry_hall, kennysheep_boxes
D:5:      layout_basic
D:6:      layout_rooms, nicolae_qazlal_general_emergency,
          nicolae_ru_path_of_blood, zin_angel, minmay_curled_crystal,
          uniq_edmund, uniq_grinder

Skill      XL: |  1  2  3  4  5  6  7  8 |
---------------+-------------------------+-----
Stealth        | 3 4 5 6 |  6.5
Axes           | 4 5 6 |  6.5
Dodging        | 4 |  4.8
Fighting       | 4 |  4.4
Throwing       | 2 3 |  3.0
Evocations     | 1 |  1.0
Invocations    | |  0.2

Action                   |  1- 3 |  4- 6 |  7- 9 || total
-------------------------+-------+-------+-------++-------
Melee: Hand axe          |    90 |   122 |    74 ||   286
       Tentacles         |    16 |    26 |    16 ||    58
       Constrict         |    25 |    26 |    14 ||    65
Throw: Dart              |       |     5 |    25 ||    30
       Stone             |       |       |     5 ||     5
Invok: Upheaval          |       |       |     1 ||     1
Evoke: Wand              |       |       |     8 ||     8
  Use: Potion            |       |     1 |     3 ||     4
       Scroll            |       |     1 |       ||     1
 Stab: Sleeping          |    10 |    11 |       ||    21
Armor: Skin              |     7 |    11 |     3 ||    21
Dodge: Dodged            |    67 |    96 |    62 ||   225
Block: Other             |       |       |     2 ||     2

Table legend: (Time is in decaauts)
 A = Elapsed time spent in this place.
 B = Non-inter-level travel time spent in this place.
 C = Inter-level travel time spent in this place.
 D = Time resting spent in this place.
 E = Time spent auto-exploring this place.
 F = Levels seen in this place.
 G = Mean time per level.
                   A        B        C        D        E       F      G
               +--------+--------+--------+--------+--------+-----+--------+
         Total |   6466 |   6235 |    231 |   1167 |   3978 |   6 | 1077.7 |
       Dungeon |   6466 |   6235 |    231 |   1167 |   3978 |   6 | 1077.7 |
               +--------+--------+--------+--------+--------+-----+--------+

Top non-repeatable levels by time:
     D:5: 1932 daAuts
     D:3: 1371 daAuts
     D:4: 1094 daAuts
     D:1: 1032 daAuts
     D:2: 957 daAuts
     D:6: 77 daAuts
